 Dungeon Crawl Stone Soup version 0.31-a0-167-g1c394c0614 (webtiles) character file.

Game seed: 7443130398328047486

3166 pokeman the Thaumaturge (level 9, 0/48 HPs)
             Began as a Deep Elf Hedge Wizard on June 14, 2023.
             Was a Follower of Vehumet.
             Slain by an ogre mage
             ... wielding a +0 whip
              (17 damage)
             ... on level 7 of the Dungeon.
             The game lasted 00:27:17 (8387 turns).

pokeman the Thaumaturge (Deep Elf Hedge Wizard)     Turns: 8387, Time: 00:27:18

Health: 0/48       AC:  6    Str:  7    XL:     9   Next: 63%
Magic:  21/26      EV: 12    Int: 24    God:    Vehumet [*.....]
Gold:   582        SH:  0    Dex: 14    Spells: 17/30 levels left

rFire   . . .        b - +2 whip (elec)
rCold   . . .        (no shield)
rNeg    . . .        w - +0 troll leather armour {Pargi}
rPois   .            c - +0 hat
rElec   .            M - +0 cloak
rCorr   .            (no gloves)
SInv    .            o - +0 pair of boots
Will    .....        (no amulet)
Stlth   +            j - ring of flight
HPRegen 1.08/turn    l - ring of wizardry
MPRegen 0.20/turn

%: wizardry (x1)
@: confused, flying
A: no striking features
a: Renounce Religion


You were on level 7 of the Dungeon.
You worshipped Vehumet.
Vehumet was aware of your devotion.
You visited 2 branches of the dungeon, and saw 8 of its levels.
You also visited: Sewer.

You collected 582 gold pieces.

Inventory:

Hand Weapons
 b - a +2 whip of electrocution (weapon)
 D - the +0 shortbow of Qacank {drain, rF+ rC- rN+}
   (You found it on level 4 of the Dungeon)

   rF:        It protects you from fire.
   rC:        It makes you vulnerable to cold.
   rN:        It protects you from negative energy.
 K - a +2 spear of pain
 L - a +4 quarterstaff of chaos
Missiles
 g - 3 curare-tipped darts
 z - a throwing net
Armour
 c - a +0 hat (worn)
 o - a +0 pair of boots (worn)
 w - a +0 troll leather armour (worn) {Pargi}
 y - a +0 buckler
 M - a +0 cloak (worn)
Magical Staves
 n - a staff of fire
Jewellery
 j - a ring of flight (left hand)
 l - a ring of wizardry (right hand)
 u - a ring of see invisible
Wands
 p - a wand of roots (23)
 x - a wand of flame (45)
Scrolls
 e - 7 scrolls of identify {unknown}
 m - 3 scrolls of enchant weapon {unknown}
 r - 3 scrolls of fog {unknown}
 s - a scroll of poison {unknown}
 v - a scroll of acquirement {unknown}
 A - a scroll of enchant armour {unknown}
 C - 2 scrolls of teleportation {unknown}
 H - a scroll of fear {unknown}
 J - a scroll of blinking {unknown}
Potions
 a - 2 potions of brilliance {unknown}
 d - a potion of magic
 f - 2 potions of mutation {unknown}
 h - a potion of attraction {unknown}
 i - 3 potions of degeneration {unknown}
 k - 2 potions of haste
 q - 2 potions of lignification {unknown}
 t - 3 potions of might
 B - a potion of curing {unknown}
 E - a potion of berserk rage {unknown}
 F - a potion of heal wounds {unknown}
 G - a potion of cancellation {unknown}
 I - 2 potions of enlightenment {unknown}
 N - 2 potions of ambrosia {unknown}
 O - a potion of resistance {unknown}


   Skills:
 - Level 2.0 Fighting
 + Level 1.2 Armour
 - Level 3.2 Dodging
 - Level 3.0 Stealth
 - Level 3.0 Shields
 * Level 11.4 Spellcasting
 + Level 7.7 Conjurations
 - Level 1.1 Summonings
 - Level 2.0 Necromancy
 - Level 1.1 Translocations
 + Level 5.2 Fire Magic
 - Level 1.2 Ice Magic
 - Level 1.0 Air Magic
 - Level 1.1 Poison Magic
 - Level 1.0 Evocations


You had 17 spell levels left.
You knew the following spells:

 Your Spells              Type           Power      Damage    Failure   Level
a - Magic Dart            Conj           100%       1d8       1%          1
b - Mephitic Cloud        Conj/Pois/Air  29%        N/A       1%          3
c - Call Imp              Summ           38%        N/A       2%          2
d - Blink                 Tloc           38%        N/A       2%          2
e - Freezing Cloud        Conj/Ice/Air   14%        6-21      19%         5

Your spell library contained the following spells:

 Spells                   Type           Power      Damage    Failure   Level
 Freeze                   Ice            76%        1d8       1%          1
 Momentum Strike          Conj/Tloc      68%        3d9       1%          2
 Searing Ray              Conj           100%       2d8       1%          2
 Slow                     Hex            52%        N/A       2%          1
 Cigotuvi's Dreadful Rot  Necr/Pois/Air  40%        N/A       2%          2
 Lesser Beckoning         Tloc           38%        N/A       2%          2
 Poisonous Vapours        Pois/Air       38%        N/A       2%          2
 Gell's Gravitas          Tloc           19%        N/A       5%          3
 Teleport Other           Tloc           19%        N/A       5%          3
 Fulminant Prism          Conj/Hex       16%        3d10      6%          4
 Dispersal                Tloc           9%         N/A       92%         6


Dungeon Overview and Level Annotations

Branches:
Dungeon (7/15)             Temple (1/1) D:5           Sewer (visited)

Altars:
Elyvilon
Fedhas
Gozag
Hepliaklqana
Kikubaaqudgha
Nemelex Xobeh
Okawaru
Qazlal
Ru
Sif Muna
Trog
Vehumet
Xom
Yredelemnul
Zin
The Shining One

Annotations:
D:7 Menkaure


Message History

Your cerulean imp says, "You called?"
An ogre mage appears from thin air!
Reactivating autopickup.
The ogre mage hits you with a +0 whip.
Casting: Call Imp (safe; 2% risk of failure)
Confirm with . or Enter, or press ? or * to list all spells.
Aiming: Mephitic Cloud (safe; 1% risk of failure)
Press: ? - help, Shift-Dir - straight line, f - ogre mage
Aim: an ogre mage, wielding a +0 whip and wearing a +0 robe of resistance (heavily wounded, chance to affect: 53%) That beam is likely to hit you.
Continue anyway?
The ball explodes into a vile cloud!
The stinking cloud engulfs the ogre mage but does no damage.
The ogre mage is heavily wounded.
The stinking cloud engulfs you but does no damage.
You are engulfed in noxious fumes.
You choke on the stench!
You are confused.
Unknown command.
Are you sure you want to stumble around while confused and next to your cerulean imp?
You are engulfed in noxious fumes.
You choke on the stench!
You are more confused.
The ogre mage is engulfed in noxious fumes.
The ogre mage completely misses you.
Your cerulean imp hits the ogre mage from afar with a -3 spear.
You bump into the rock wall.
You are engulfed in noxious fumes.
You choke on the stench!
You are more confused.
The ogre mage is engulfed in noxious fumes.
The ogre mage gestures wildly while chanting.
The ogre mage flickers and vanishes!
Deactivating autopickup; reactivate with Ctrl-A.
Unknown command.
Are you sure you want to stumble around while confused and next to your cerulean imp?
You're too confused to move!
You are engulfed in noxious fumes.
You choke on the stench!
You are more confused.
Something hits you!
Unknown command.
Are you sure you want to stumble around while confused and next to your cerulean imp?
Something hits you!
You die...

.......#......#....#....#.....
.......#......#...............
.......#......#..#############
.......#......#..#
.......#......#..#
.......'......##.#
#########.........#
#.......#....{○...#
#.......#....5@...#
#.......#######...#
#.......#.....'...#
#.......#.....#...#
#.......##....#...#
#.......##....#...#
#.......##....#...#
#.............#...#
#.............#...#.


You could see a friendly cerulean imp (summoned).

Vanquished Creatures
  Pikel (D:5)
  A steam dragon (D:7)
  A water moccasin (D:7)
  Pargi (Sewer)
  An orc warrior (D:6)
  A sky beast (D:3)
  A black bear (D:6)
  An ogre (D:5)
  2 kobold brigands
  2 bullfrogs
  A gnoll sergeant (D:5)
  A scorpion (D:5)
  5 wights (D:6)
  An orc priest (D:7)
  3 hounds
  Crazy Yiuf (D:5)
  2 gnoll boudas
  2 iguanas
  2 sleepcaps
  Ijyb (D:3)
  Natasha (thrice) (D:3)
  5 orc wizards
  38 gnolls
  8 adders
  A river rat (D:3)
  2 shadow imps
  2 white imps
  3 ufetubi
  3 worms
  3 dart slugs
  20 orcs
  7 ball pythons
  5 endoplasms
  8 giant cockroaches
  3 goblins
  11 hobgoblins
  4 jackals (D:3)
  51 kobolds
  5 quokkas
  9 bats
  A frilled lizard (D:2)
  5 rats
228 creatures vanquished.

Vanquished Creatures (collateral kills)
  Sigmund (D:3)
  A jelly (D:5)
2 creatures vanquished.

Grand Total: 230 creatures vanquished

Notes
Turn   | Place    | Note
-------+----------+-------------------------------------------
     0 | D:1      | pokeman the Deep Elf Hedge Wizard began the quest for the
                  | Orb.
     0 | D:1      | Reached XP level 1. HP: 10/10 MP: 7/7
   298 | D:1      | Reached XP level 2. HP: 15/15 MP: 6/9
   666 | D:1      | Reached skill level 5 in Spellcasting
   930 | D:2      | Reached XP level 3. HP: 20/20 MP: 8/11
   934 | D:2      | Learned a level 3 spell: Mephitic Cloud
   937 | D:2      | Learned a level 2 spell: Call Imp
   940 | D:2      | Learned a level 2 spell: Blink
  1191 | D:2      | Reached skill level 1 in Fighting
  1191 | D:2      | Reached skill level 1 in Armour
  1406 | D:2      | Reached XP level 4. HP: 25/25 MP: 10/13
  2269 | D:3      | Noticed Natasha
  2279 | D:3      | Killed Natasha
  2358 | D:3      | Found a stormy altar of Qazlal.
  2358 | D:3      | Noticed a sky beast
  2358 | D:3      | Noticed Sigmund
  2415 | D:3      | Killed Sigmund
  2416 | D:3      | Reached XP level 5. HP: 15/29 MP: 4/15
  2416 | D:3      | Reached XP level 6. HP: 18/34 MP: 4/16
  2527 | D:3      | Found a glowing drain.
  2531 | Sewer    | Entered a sewer
  2586 | Sewer    | Reached skill level 6 in Spellcasting
  2623 | Sewer    | Noticed Pargi
  2751 | Sewer    | Killed Pargi
  2752 | Sewer    | Reached skill level 5 in Conjurations
  2892 | D:3      | Reached skill level 1 in Evocations
  3075 | D:3      | Found a sparkling altar of Nemelex Xobeh.
  3229 | D:3      | Killed a sky beast
  3230 | D:3      | Reached skill level 1 in Poison Magic
  3230 | D:3      | Reached XP level 7. HP: 38/38 MP: 7/19
  3512 | D:3      | Found a shimmering blue altar of Sif Muna.
  3719 | D:3      | Noticed Natasha
  3724 | D:3      | Killed Natasha
  3725 | D:3      | Reached skill level 7 in Spellcasting
  3725 | D:3      | Reached skill level 1 in Air Magic
  3731 | D:3      | Learned a level 5 spell: Freezing Cloud
  4075 | D:3      | Noticed Natasha
  4081 | D:3      | Killed Natasha
  4132 | D:3      | Noticed Ijyb
  4146 | D:3      | Killed Ijyb
  4147 | D:3      | Reached skill level 1 in Fire Magic
  4227 | D:3      | Reached skill level 1 in Ice Magic
  4653 | D:4      | Reached skill level 8 in Spellcasting
  5090 | D:4      | Reached XP level 8. HP: 40/43 MP: 19/22
  5205 | D:4      | Identified the +0 shortbow of Qacank {drain, rF+ rC- rN+}
  5433 | D:4      | Found a shimmering altar of Xom.
  5470 | D:5      | Entered Level 5 of the Dungeon
  5702 | D:5      | Reached skill level 9 in Spellcasting
  5866 | D:5      | Reached skill level 1 in Shields
  5899 | D:5      | Found a glowing silver altar of Zin.
  6247 | D:5      | Found a staircase to the Ecumenical Temple.
  6253 | Temple   | Entered the Ecumenical Temple
  6350 | Temple   | Became a worshipper of Vehumet
  6398 | D:5      | Noticed Pikel
  6417 | D:5      | Killed Pikel
  6418 | D:5      | Reached skill level 10 in Spellcasting
  6418 | D:5      | Reached skill level 1 in Necromancy
  6418 | D:5      | Reached XP level 9. HP: 35/48 MP: 18/25
  6472 | D:5      | Found a runed translucent door.
  6473 | D:5      | Noticed Crazy Yiuf
  6489 | D:5      | Killed Crazy Yiuf
  7353 | D:6      | Reached * piety under Vehumet
  7353 | D:6      | Offered knowledge of Freeze by Vehumet.
  7552 | D:6      | Reached skill level 11 in Spellcasting
  7756 | D:7      | Noticed Menkaure
  7847 | D:7      | Reached skill level 5 in Fire Magic
  7913 | D:7      | Found a basalt altar of Yredelemnul.
  8212 | D:7      | Noticed an orc sorcerer
  8342 | D:7      | Noticed an ogre mage
  8366 | D:7      | Paralysed by something for 5 turns
  8387 | D:7      | Slain by an ogre mage

Illustrated notes

Levels and vault maps discovered:
D:1:      beargit_arrival_greenhouse, layout_rooms, minmay_tromino_i2
D:2:      layout_basic, hangedman_feature_mirror, grunt_decor_junction,
          grunt_decor_arrowhead
D:3:      minmay_goblin_kobold_castle, layout_loops_ring,
          nicolae_qazlal_beasts_of_the_sky, led_sif_pool, lemuel_round_altar,
          gup_sewer_entry_spiral, minmay_misc_feat_ornament, uniq_sigmund,
          uniq_natasha, uniq_ijyb
D:4:      layout_cave_pools, kennysheep_mini, st_stairs_14
D:5:      layout_loops_ring, lemuel_tele_altar,
          minmay_temple_entry_enclosed_plants, lightli_minifort, uniq_pikel,
          uniq_crazy_yiuf_cottage
D:6:      layout_cave_pools, kennysheep_generic_room_5
D:7:      layout_gridville, yredelemnul_altar_generic,
          dreamdust_mushroom_princess, minmay_the_grid_2x2
          [minmay_the_grid_tri_star, minmay_the_grid_slots,
          minmay_the_grid_dragon_b,
          minmay_the_grid_prize_four_corners_diamond_a], uniq_menkaure
Temple:   nicolae_temple_two_arcs

Skill      XL: |  1  2  3  4  5  6  7  8  9 |
---------------+----------------------------+-----
Spellcasting   | 5 6 8 10 11 | 11.4
Fighting       | 1 2 |  2.0
Armour         | 1 |  1.2
Conjurations   | 2 4 5 6 7 |  7.7
Stealth        | 3 |  3.0
Dodging        | 3 |  3.2
Evocations     | 1 |  1.0
Poison Magic   | 1 |  1.1
Air Magic      | 1 |  1.0
Fire Magic     | 2 4 5 |  5.2
Ice Magic      | 1 |  1.2
Shields        | 1 3 |  3.0
Necromancy     | 1 2 |  2.0
Summonings     | |  1.1
Translocations | |  1.1

Action                     |  1- 3 |  4- 6 |  7- 9 || total
---------------------------+-------+-------+-------++-------
  Melee: Dagger            |    18 |    51 |       ||    69
         Punch             |       |     1 |     7 ||     8
         Whip              |       |       |   184 ||   184
   Cast: Magic Dart        |    85 |   100 |   296 ||   481
         Mephitic Cloud    |       |     6 |    44 ||    50
         Call Imp          |       |     3 |     5 ||     8
         Blink             |       |     1 |     1 ||     2
   Stab: Confused          |       |     5 |    26 ||    31
         Sleeping          |       |     2 |     1 ||     3
 Armour: Robe              |     5 |    13 |       ||    18
         Troll leather arm |       |       |    41 ||    41
  Dodge: Dodged            |    23 |    49 |   146 ||   218

Table legend: (Time is in decaauts)
 A = Elapsed time spent in this place.
 B = Non-inter-level travel time spent in this place.
 C = Inter-level travel time spent in this place.
 D = Time resting spent in this place.
 E = Time spent auto-exploring this place.
 F = Levels seen in this place.
 G = Mean time per level.
                   A        B        C        D        E       F      G
               +--------+--------+--------+--------+--------+-----+--------+
         Total |   8401 |   8225 |    176 |    304 |   6058 |   9 |  933.4 |
       Dungeon |   7975 |   7808 |    167 |    304 |   5836 |   7 | 1139.3 |
        Temple |    107 |     98 |      9 |      0 |     70 |   1 |  107.0 |
         Sewer |    317 |    317 |      0 |      0 |    152 |   1 |  317.0 |
               +--------+--------+--------+--------+--------+-----+--------+

Top non-repeatable levels by time:
     D:3: 2290 daAuts
     D:2: 1284 daAuts
     D:6: 1262 daAuts
     D:5: 972 daAuts
     D:1: 842 daAuts
     D:4: 741 daAuts
     D:7: 582 daAuts
   Sewer: 317 daAuts
  Temple: 107 daAuts
